 Dungeon Crawl Stone Soup version 0.29-a0-43-g62a80824bf (webtiles) character file.

Game seed: 2388260884831569074

84 flyleaff the Magician (level 4, 0/24 HPs)
             Began as a Kobold Hedge Wizard on Feb 3, 2022.
             Killed by nerve-wracking pain
             ... invoked by an orc priest
              (7 damage)
             ... on level 3 of the Dungeon.
             The game lasted 00:05:52 (3415 turns).

flyleaff the Magician (Kobold Hedge Wizard)         Turns: 3415, Time: 00:05:53

Health: 0/24       AC:  2    Str:  7    XL:     4   Next: 72%
Magic:  1/9        EV: 15    Int: 17    God:
Gold:   102        SH:  0    Dex: 14    Spells: 2/10 levels left

rFire   . . .      SeeInvis .   h - +3 dagger (holy)
rCold   . . .      Faith    .   (no shield)
rNeg    . . .      Spirit   .   b - +0 robe
rPois   .          Reflect  .   c - +0 hat
rElec   .          Harm     .   (no cloak)
rCorr   .          Rampage  .   (no gloves)
Will    .....                   (no boots)
Stlth   +++.......              (no amulet)
HPRegen 0.08/turn               (no ring)
MPRegen 0.11/turn               (no ring)

@: very slightly contaminated
A: small, no large weapons, nightstalker 3
a: no special abilities


You were on level 3 of the Dungeon.
You visited 1 branch of the dungeon, and saw 3 of its levels.

You collected 102 gold pieces.

Inventory:

Hand Weapons
 a - a +0 dagger
 h - a +3 dagger of holy wrath (weapon)
Missiles
 q - 2 poisoned darts
Armour
 b - a +0 robe (worn)
 c - a +0 hat (worn)
 f - a +0 pair of boots
Jewellery
 d - an amulet of faith
 o - a ring of protection from cold
Scrolls
 e - 2 scrolls of holy word
 n - a scroll of vulnerability
 p - a scroll of noise {unknown}


   Skills:
 - Level 2.2 Short Blades
 - Level 3.3 Dodging
 - Level 2.6 Stealth
 + Level 3.6 Spellcasting
 - Level 1.0 Conjurations
 - Level 1.0 Summonings
 - Level 1.0 Translocations
 * Level 1.4 Air Magic
 * Level 1.4 Poison Magic


You had 2 spell levels left.
You knew the following spells:

 Your Spells              Type           Power      Damage    Failure   Level
a - Magic Dart            Conj           24%        1d4       11%         1
b - Mephitic Cloud        Conj/Pois/Air  7%         N/A       28%         3
c - Call Imp              Summ           6%         N/A       16%         2
d - Blink                 Tloc           12%        N/A       16%         2

Your spell library contained the following spells:

 Spells                   Type           Power      Damage    Failure   Level
 Apportation              Tloc           12%        N/A       11%         1
 Summon Small Mammal      Summ           24%        N/A       11%         1
 Animate Skeleton         Necr           6%         N/A       16%         1
 Slow                     Hex            12%        N/A       16%         1
 Conjure Flame            Conj/Fire      4%         6-21      36%         3


Dungeon Overview and Level Annotations

Branches:
Dungeon (3/15)

Altars:
Ashenzari


Innate Abilities, Weirdness & Mutations

You are small and have problems with some larger weapons.
You are completely attuned to the shadows.


Message History

Orders for allies: a - Attack new target. r - Retreat! s - Stop attacking. g - Guard the area. f - Follow me.
Anything else - Cancel.
Gang up on whom?
Press: ? - help, Dir - move target, f - orc priest
Aim: an orc priest, wielding a +0 flail Attack!
The orc priest hits your crimson imp with a +0 flail!
Your crimson imp barely misses the orc priest.
Unknown command.
You aren't carrying any potions.
As you read the scroll labelled NILAWOEKYL, it crumbles to dust.
You speak a Word of immense power!
Your crimson imp convulses!
You kill your crimson imp!
Your crimson imp disappears in a puff of smoke!
It was a scroll of holy word.
The orc priest casts a cantrip, but nothing happens.
As you read the scroll labelled ZAAHUAGEAS, it crumbles to dust.
It is a scroll of enchant weapon.
Your +2 dagger of holy wrath glows red for a moment.
As you read the scroll labelled GAXACO HINIAL, it crumbles to dust.
You assume a fearsome visage.
The orc priest looks frightened!
The orc looks frightened!
The orc wizard looks frightened!
It was a scroll of fear.
A kobold comes into view. It is wielding a +0 dagger.
As you read the scroll labelled QEJAORHASHRUCYF, it crumbles to dust.
Your body is wracked with pain!
* * * LOW HITPOINT WARNING * * *
The orc priest convulses!
The orc wizard convulses!
The orc convulses!
The kobold convulses!
It was a scroll of torment.
The orc wizard hits the orc priest with a +0 dagger.
The orc wizard's attack snaps the orc priest out of its fear.
As you read the scroll labelled ATAVVE GIYC, it crumbles to dust.
It is a scroll of identify.
n - a scroll of vulnerability The orc priest calls down the wrath of Beogh upon you.
Pain shoots through your body!
You die...

####o. #.##..... ...o)#
#.##.#.## ##)##
#.##.#.# #...# #......#
#o..# ####.#### #.o.#
#.......# #o..#
#.##.##.# #...#
#....##.#
.####.@.#######>...##.#
..............#...###.#
...........†......###..
....K.........#........
.##.#...#.######..####.
#.#...#.# #......##.
#.#...#.# #.#..#.##.
#.#...#.# #.#.......
....#.# #.##.#.##.


You could see an orc priest, an orc wizard (confused, fleeing), an orc (fleeing)
and a kobold.

Vanquished Creatures
  2 adders (D:3)
  A worm (D:2)
  2 dart slugs
  A bat (D:1)
  4 endoplasms
  A giant cockroach (D:2)
  2 hobgoblins (D:1)
  A quokka (D:1)
  3 ball pythons
  A frilled lizard (D:2)
  4 goblins (D:1)
  3 kobolds (D:1)
  2 rats (D:1)
27 creatures vanquished.

Vanquished Creatures (collateral kills)
  An orc wizard (D:3)
  A worm (D:3)
  An orc (D:3)
  An endoplasm (D:3)
4 creatures vanquished.

Grand Total: 31 creatures vanquished

Notes
Turn   | Place    | Note
-------+----------+-------------------------------------------
     0 | D:1      | flyleaff the Kobold Hedge Wizard began the quest for the
                  | Orb.
     0 | D:1      | Reached XP level 1. HP: 10/10 MP: 4/4
    79 | D:1      | Reached skill level 1 in Short Blades
   388 | D:1      | Reached XP level 2. HP: 15/15 MP: 1/6
  1061 | D:1      | Reached XP level 3. HP: 19/19 MP: 2/7
  1677 | D:2      | Learned a level 3 spell: Mephitic Cloud
  1680 | D:2      | Learned a level 2 spell: Call Imp
  1683 | D:2      | Learned a level 2 spell: Blink
  2059 | D:2      | Found a broken altar of Ashenzari.
  2882 | D:3      | Reached XP level 4. HP: 2/24 MP: 1/9
  3179 | D:3      | Reached skill level 1 in Air Magic
  3179 | D:3      | Reached skill level 1 in Poison Magic
  3415 | D:3      | Killed from afar by an orc priest

Illustrated notes

Levels and vault maps discovered:
D:1:      dpeg_arrival_erosion, layout_loops_ring
D:2:      layout_loops_corners, basic_altar
D:3:      layout_loops_cross, shapermc_ecumenical_altar_starsandcircs,
          serial_shops, nicolae_shop_advertising_works
          [nicolae_subvault_shop_adworks], nicolae_shop_behind_doors

Skill      XL: |  1  2  3  4 |
---------------+-------------+-----
Short Blades   | 2 |  2.2
Dodging        | 3 |  3.3
Air Magic      | 1 |  1.4
Poison Magic   | 1 |  1.4
Stealth        | |  2.6
Spellcasting   | |  3.6
Conjurations   | |  1.0
Summonings     | |  1.0
Translocations | |  1.0

Action                   |  1- 3 |  4- 6 || total
-------------------------+-------+-------++-------
Melee: Dagger            |    26 |       ||    26
       Punch             |     2 |       ||     2
 Cast: Magic Dart        |    71 |     5 ||    76
       Call Imp          |       |     4 ||     4
       Mephitic Cloud    |       |     1 ||     1
  Use: Potion            |     5 |       ||     5
       Scroll            |       |     5 ||     5
Armor: Robe              |     4 |       ||     4
Dodge: Dodged            |    23 |       ||    23

Table legend: (Time is in decaauts)
 A = Elapsed time spent in this place.
 B = Non-inter-level travel time spent in this place.
 C = Inter-level travel time spent in this place.
 D = Time resting spent in this place.
 E = Time spent auto-exploring this place.
 F = Levels seen in this place.
 G = Mean time per level.
                   A        B        C        D        E       F      G
               +--------+--------+--------+--------+--------+-----+--------+
         Total |   3413 |   3358 |     55 |    239 |   2877 |   3 | 1137.7 |
       Dungeon |   3413 |   3358 |     55 |    239 |   2877 |   3 | 1137.7 |
               +--------+--------+--------+--------+--------+-----+--------+

Top non-repeatable levels by time:
     D:1: 1378 daAuts
     D:2: 1217 daAuts
     D:3: 817 daAuts
